Map: Ruins of Seras

Players

speaknow (ByuN)

  • Race: Terran Terran
  • League: Platinum

AcerNerchio (Nerchio) - Winner!

  • Race: Zerg Zerg

Event: Gauntlet LotV Series 1 Qualifier 1

VOD

Have the link to the VOD?

Description

Time

  • Played on: Nov. 22, 2015, 7:22 p.m.
  • Length: 11:10

All games in this series

Show
View Real Time Build Order
Export as new Build Order

speaknow Terran 

Build Orders: Liberator Opening, Reaper Expand, MMM Bio 

Get SALT Encoding   

  12  0:00  SCV  
  13  0:12  SCV  
  14  0:17  Supply Depot  
  14  0:25  SCV  
  15  0:39  SCV  
  15  0:40  Barracks  
  16  0:44  Refinery  
  16  0:51  SCV  
  17  1:03  SCV  
  18  1:15  SCV  
  19  1:27  Reaper  
  19  1:28  Orbital Command  
  20  1:43  Command Center  
  20  1:49  Supply Depot  
  20  1:54  SCV  
  20  1:59  Marine  
  22  2:07  Factory  
  22  2:09  SCV  
  22  2:15  Refinery  
  23  2:21  SCV, Barracks Reactor  
  24  2:33  SCV  
  25  2:45  SCV  
  26  2:52  Starport  
  26  2:54  Orbital Command  
  26  2:58  SCV  
  27  3:02  Hellion x2  
  27  3:05  Marine  
  31  3:10  SCV  
  33  3:13  Armory  
  33  3:23  SCV  
  33  3:24  SCV  
  37  3:28  Hellion x2  
  37  3:29  Marine  
  40  3:34  Supply Depot  
  40  3:37  Medivac  
  42  3:44  SCV x2  
  42  3:47  Marine  
  45  3:50  Liberator  
  45  3:51  Supply Depot  
  45  3:56  Hellion x2  
  45  4:00  SCV x2  
  51  4:07  Barracks Tech Lab  
  54  4:12  SCV x2  
  56  4:18  Supply Depot  
  56  4:24  SCV x2  
  56  4:26  Hellion x2  
  62  4:39  SCV x2, Marine  
  65  4:48  Supply Depot  
  65  5:03  SCV x2  
  62  5:09  Bunker  
  62  5:10  Siege Tank, Marine x2  
  62  5:11  Command Center  
  70  5:17  SCV x2  
  71  5:27  Marine  
  71  5:28  Marine  
  70  5:29  Barracks  
  70  5:31  Barracks  
  70  5:37  Supply Depot  
  70  5:42  Siege Tank  
  73  5:45  SCV x2, Marine x2  
  73  5:49  Engineering Bay  
  77  5:50  Engineering Bay  
  77  5:51  Starport Reactor  
  77  5:54  Refinery x2  
  74  5:57  Supply Depot  
  74  6:03  Marine x2  
  76  6:05  SCV x2  
  76  6:09  Barracks  
  78  6:13  Barracks  
  78  6:21  Marine x2  
  78  6:23  Siege Tank  
  78  6:24  Barracks Tech Lab  
  78  6:25  SCV x2, Barracks Tech Lab  
  83  6:38  Medivac x2, Orbital Command  
  83  6:39  Marine x2  
  85  6:43  Marauder  
  85  6:44  Stimpack, Marauder  
  85  6:46  Terran Infantry Weapons Level 1  
  89  6:53  Terran Infantry Armor Level 1  
  86  6:59  Marine x2  
  88  7:01  Combat Shields, Orbital Command  
  88  7:04  Marine x2  
  88  7:08  Barracks Reactor  
  90  7:09  Missile Turret  
  90  7:15  Barracks Reactor  
  84  7:25  Marauder x2, Marine x2  
  88  7:30  Siege Tank  
  88  7:32  SCV x3  
  94  7:42  Supply Depot  
  94  7:44  SCV x3, Marine x2, Supply Depot x2  
  97  7:48  Marauder x2  
  97  7:50  Marine x2  
  105  7:53  Marine  
  105  7:54  Marine  
  105  7:56  SCV x2  
  109  8:00  Supply Depot, Refinery  
  109  8:02  Refinery  
  109  8:04  SCV, Siege Tank  
  113  8:07  Medivac x2  
  113  8:08  SCV x2  
  119  8:13  Marine x3  
  119  8:14  Marine  
  119  8:15  Marine x2  
  119  8:16  SCV  
  119  8:17  Marauder  
  130  8:20  SCV x2, Marauder  
  132  8:28  SCV  
  132  8:31  Supply Depot  
  133  8:35  Marine x4  
  133  8:36  Marine x2  
  133  8:38  Medivac  
  141  8:52  Medivac  
  147  8:59  Supply Depot  
  147  9:01  Supply Depot x2  
  147  9:02  Siege Tank, Missile Turret  
  152  9:11  Marine  
  152  9:12  Marauder x2, Marine x3  
  152  9:13  Marine x2  
  149  9:25  SCV x2  
  149  9:30  Orbital Command  
  149  9:31  Marine x2  
  121  9:32  Marine  
  121  9:33  Marauder x2  
  121  9:36  Marine  
  121  9:37  SCV, Marine  
  89  9:48  Siege Tank  
  89  9:51  Marine x4  
  95  9:54  Marauder  
  95  9:55  Marauder  
  95  9:57  Engineering Bay  
  92  10:06  SCV  
  92  10:07  SCV x2  
  73  10:16  Marauder x2, Marine x2  
  73  10:19  SCV x3  
  81  10:22  Marine  
  82  10:31  SCV x3  
  85  10:37  Marauder  
  85  10:42  Marauder  
  78  10:44  Marine x4  
  78  10:45  Marine  
  78  10:48  Marine  
Show
View Real Time Build Order
Export as new Build Order

AcerNerchio Zerg - Winner!

Build Orders: Hatch First 

Get SALT Encoding   

  12  0:01  Drone  
  13  0:12  Overlord  
  13  0:18  Drone  
  14  0:31  Drone x2  
  14  0:34  Drone  
  17  0:54  Hatchery  
  17  0:56  Drone  
  17  0:59  Drone  
  18  1:13  Spawning Pool  
  18  1:16  Drone  
  18  1:20  Drone  
  18  1:23  Extractor  
  18  1:28  Drone  
  19  1:39  Overlord  
  19  2:00  Zergling x2, Queen  
  19  2:01  Zergling x2  
  23  2:05  Queen  
  23  2:06  Zergling x2  
  26  2:11  Drone  
  27  2:17  Drone  
  27  2:22  Metabolic Boost, Drone  
  29  2:30  Drone  
  29  2:33  Drone  
  31  2:40  Drone  
  31  2:41  Queen  
  34  2:45  Overlord  
  34  2:49  Drone  
  35  2:54  Drone  
  36  3:03  Drone  
  37  3:08  Drone x4  
  37  3:11  Overlord  
  41  3:15  Zergling x4  
  41  3:16  Zergling x2  
  44  3:33  Roach Warren  
  44  3:34  Drone  
  44  3:35  Drone  
  44  3:37  Hatchery, Drone  
  44  3:40  Extractor  
  44  3:41  Drone  
  45  3:42  Drone  
  45  3:44  Drone  
  48  3:48  Drone x2  
  48  3:54  Overlord  
  50  3:55  Drone  
  50  3:57  Drone x2  
  50  4:01  Overlord  
  52  4:05  Overlord  
  52  4:10  Extractor  
  52  4:15  Roach x3  
  56  4:17  Roach  
  56  4:22  Roach x2  
  62  4:33  Drone x4  
  62  4:35  Evolution Chamber x2, Drone  
  65  4:39  Spore Crawler  
  65  4:43  Drone  
  65  4:45  Drone x3  
  68  4:52  Roach x2  
  72  4:58  Roach x2  
  74  5:00  Overlord  
  74  5:04  Zerg Missile Weapons Level 1  
  73  5:11  Zerg Ground Armor Level 1  
  73  5:20  Drone x7  
  80  5:24  Drone  
  80  5:26  Drone  
  81  5:31  Lair  
  81  5:34  Extractor  
  80  5:36  Drone x2  
  80  5:37  Drone  
  80  5:38  Drone  
  80  5:41  Overlord  
  84  5:43  Drone  
  84  5:44  Drone  
  84  5:47  Ravager x3  
  89  5:51  Overlord x2  
  89  5:53  Overlord  
  89  5:56  Overlord  
  89  5:58  Overlord  
  89  6:02  Drone x3  
  89  6:04  Drone  
  93  6:06  Extractor  
  93  6:07  Overlord, Extractor  
  93  6:09  Overlord  
  93  6:10  Drone  
  92  6:12  Drone  
  92  6:15  Drone x3  
  92  6:18  Drone x2  
  98  6:20  Drone x2  
  98  6:23  Overlord  
  100  6:32  Drone x5  
  100  6:36  Drone x2  
  100  6:39  Glial Reconstitution  
  99  6:42  Drone x2  
  101  6:59  Roach x5  
  101  7:00  Roach  
  113  7:03  Roach x2  
  113  7:05  Roach  
  119  7:08  Roach  
  119  7:09  Roach  
  119  7:11  Hatchery, Zerg Missile Weapons Level 2  
  122  7:18  Zerg Ground Armor Level 2  
  122  7:27  Roach x6  
  122  7:29  Queen  
  135  7:37  Pneumatized Carapace  
  135  7:41  Roach x6  
  147  7:44  Ravager  
  147  7:45  Ravager x4  
  147  7:46  Overlord  
  147  7:48  Overlord  
  147  7:50  Overlord  
  152  7:52  Overlord  
  152  7:55  Overlord  
  152  7:56  Overlord  
  152  8:08  Roach  
  152  8:09  Roach x6  
  152  8:10  Roach  
  168  8:13  Roach x2  
  168  8:16  Roach x2  
  168  8:18  Roach  
  178  8:22  Ravager x3  
  178  8:24  Roach  
  178  8:26  Roach  
  189  8:27  Roach x2  
  189  8:34  Roach x3  
  193  8:36  Roach x2  
  199  8:50  Spore Crawler x2  
  199  8:51  Spore Crawler x2, Ravager x3  
  199  8:53  Ravager  
  203  9:02  Overseer x2  
  203  9:08  Spine Crawler  
  202  9:10  Spine Crawler  
  154  9:34  Roach x16  
  154  9:35  Roach x2  
  154  9:37  Roach x5  
  180  9:39  Roach  
  180  9:40  Roach  
  180  9:41  Roach  
  178  9:47  Roach x2  
  178  9:49  Ravager  
  178  9:52  Roach  
  186  9:53  Roach  
  186  9:56  Roach  
  186  9:57  Roach  
  186  9:59  Roach  
  174  10:02  Roach x2  
  174  10:04  Roach  
  170  10:08  Roach  
  170  10:09  Roach  
  170  10:12  Roach  
  162  10:14  Roach  
  162  10:17  Roach  
  162  10:19  Roach  
  160  10:22  Roach  
  160  10:27  Roach x2  
  166  10:29  Roach x2  
  166  10:32  Roach  
  166  10:34  Roach  
  174  10:36  Roach  
  174  10:42  Roach x4  
  178  10:44  Roach  
  178  10:46  Drone x6  
Tags
 
Add a new tag
Caveats
  • Supply blocks, unpowered buildings, or Contaminate may cause inaccurate times.
  • Supply counts are checked every 10 seconds.